 Dungeon Crawl Stone Soup version 0.31-a0-202-g547052bce9 (webtiles) character file.

Game seed: 3307888776004814696

212 qw the Skirmisher (level 5, 0/30 HPs)
             Began as a Deep Elf Hunter on June 26, 2023.
             Slain by Robin
             ... wielding a +0 mace
              (2 damage)
             ... on level 2 of the Dungeon.
             The game lasted 00:00:43 (1316 turns).

qw the Skirmisher (Deep Elf Hunter)                 Turns: 1316, Time: 00:00:43

Health: 0/30       AC:  6    Str: 10    XL:     5   Next: 58%
Magic:  7/7        EV: 11    Int: 14    God:
Gold:   116        SH:  0    Dex: 18    Spells: 4/4 levels left

rFire   . . .        Y - +0 shortbow
rCold   . . .        (shield currently unavailable)
rNeg    . . .        d - +0 ring mail
rPois   .            a - +0 helmet
rElec   .            (no cloak)
rCorr   .            (no gloves)
SInv    .            (no boots)
Will    .....        (no amulet)
Stlth   +            (no ring)
HPRegen 0.25/turn    (no ring)
MPRegen 0.10/turn

%: no passive effects
@: no status effects
A: no striking features
a: no special abilities


You were on level 2 of the Dungeon.
You visited 1 branch of the dungeon, and saw 2 of its levels.

You collected 116 gold pieces.


   Skills:
 + Level 1.7 Fighting
 - Level 9.1 Ranged Weapons
 - Level 2.4 Dodging
 - Level 1.2 Stealth


You had 4 spell levels left.
You didn't know any spells.
Your spell library was empty.

Inventory:

Hand Weapons
 Y - a +0 shortbow (weapon)
Armour
 a - a +0 helmet (worn)
 d - a +0 ring mail (worn)
Jewellery
 b - a ring of fire
Potions
 c - a potion of haste {unknown}

Dungeon Overview and Level Annotations

Branches:
Dungeon (2/15)

Altars:

Annotations:
D:2 1 runed translucent door, Crazy Yiuf, Robin


Message History

The goblin hits you with a +0 dagger. The goblin hits you but does no damage.
You shoot an arrow.
The arrow hits the goblin but does no damage.
The goblin is severely wounded.
Robin says, "Bow before me, strongest of all the hobgoblins!"
Robin closely misses you. The goblin hits you with a +0 dagger.
The hobgoblin hits you. The goblin barely misses you.
You shoot an arrow. The arrow barely misses the goblin.
Robin hits you with a +0 mace. The goblin hits you but does no damage.
The hobgoblin barely misses you. The goblin hits you with a +0 dagger.
You shoot an arrow. The arrow barely misses the goblin.
The hobgoblin closely misses you. The goblin barely misses you.
The hobgoblin hits you but does no damage.
The goblin hits you but does no damage.
You shoot an arrow. The arrow barely misses the goblin.
The hobgoblin closely misses you. The goblin hits you but does no damage.
The hobgoblin hits you but does no damage.
The goblin hits you but does no damage.
You shoot an arrow. The arrow closely misses the goblin.
The hobgoblin closely misses you. The goblin hits you with a +0 dagger.
The hobgoblin closely misses you. The goblin misses you.
You shoot an arrow. The arrow hits the goblin!
You kill the goblin!
Robin throws the goblin at you!
The hobgoblin hits you but does no damage.
The hobgoblin misses you. The goblin misses you.
The goblin hits you but does no damage.
You shoot an arrow.
The arrow hits Robin but does no damage.
The hobgoblin barely misses you. The goblin closely misses you.
The hobgoblin misses you. The goblin hits you with a +0 club.
Robin barely misses you.
You shoot an arrow.
The arrow hits Robin but does no damage.
Robin barely misses you. The hobgoblin hits you. The hobgoblin misses you.
The goblin closely misses you. The goblin hits you with a +0 club.
You shoot an arrow.
The arrow hits Robin but does no damage.
Robin hits you with a +0 mace.
You die...

#..........#.#
#.######.#...#### #
#........##...... #.
####..#####.##.##### #..
#.......###.##.#####
#...#.##..#.....##.#....
.......g......#.##.#....
......ggg.......##......
)...)gg@g.......####....
#...#.#####.#.### #.... # .
#.......#.# #####
..#########.# #... #.# ##
####...#### #.# #.
...#.......# #.######. #.#
#..........######........
#.###....#..#........########


You could see Robin, 3 hobgoblins and 3 goblins.

Vanquished Creatures
  Sigmund (D:2)
  2 adders (D:2)
  A dart slug (D:1)
  2 endoplasms (D:1)
  3 giant cockroaches
  9 goblins
  3 hobgoblins
  3 kobolds (D:1)
  A ball python (D:1)
  3 bats
  3 frilled lizards (D:2)
  4 rats
35 creatures vanquished.

Notes
Turn   | Place    | Note
-------+----------+-------------------------------------------
     0 | D:1      | qw the Deep Elf Hunter began the quest for the Orb.
     0 | D:1      | Reached XP level 1. HP: 12/12 MP: 3/3
     0 | D:1      | 0 ||| qw: Version: 0.3-a-22-g0ed2b0b
     0 | D:1      | 0 ||| qw: Game counter: 5793
     0 | D:1      | 0 ||| qw: Melee chars always use a shield: true
     0 | D:1      | 0 ||| qw: God list: Okawaru
     0 | D:1      | 0 ||| qw: Allow faded altars: false
     0 | D:1      | 0 ||| qw: Do Orc after clearing Dungeon:15 true
     0 | D:1      | 0 ||| qw: Do second Lair branch before Depths: true
     0 | D:1      | 0 ||| qw: Lair rune preference: random
     0 | D:1      | 0 ||| qw: Goals: Normal
     0 | D:1      | 0 ||| PLANNING D:1-11
   115 | D:1      | Reached skill level 6 in Ranged Weapons
   115 | D:1      | Reached XP level 2. HP: 16/16 MP: 4/4
   137 | D:1      | You fall into a shaft and drop 1 floor!
   167 | D:2      | 167 ||| UPGRADING to +0 ring mail.
   177 | D:2      | 177 ||| DROPPING +0 leather armour.
   178 | D:2      | 178 ||| READING scroll labelled XUM YKHLIWKEI.
   179 | D:2      | 179 ||| DROPPING scroll of butterflies.
   287 | D:1      | Reached XP level 3. HP: 18/20 MP: 5/5
   502 | D:1      | 502 ||| UPGRADING to +0 helmet.
   576 | D:2      | Reached skill level 7 in Ranged Weapons
   598 | D:2      | Noticed Sigmund
   601 | D:2      | 601 ||| FLEEEEING.
   608 | D:2      | 608 ||| FLEEEEING.
   613 | D:2      | 613 ||| FLEEEEING.
   614 | D:2      | 614 ||| FLEEEEING.
   615 | D:2      | 615 ||| FLEEEEING.
   616 | D:2      | 616 ||| FLEEEEING.
   617 | D:2      | 617 ||| FLEEEEING.
   627 | D:2      | 627 ||| FLEEEEING.
   627 | D:2      | HP: 4/20 [something/magic dart (2)]
   628 | D:2      | 628 ||| FLEEEEING.
   629 | D:2      | 629 ||| STAIRDANCE
   696 | D:2      | 696 ||| STAIRDANCE
   711 | D:2      | 711 ||| STAIRDANCE
   747 | D:2      | 747 ||| STAIRDANCE
   764 | D:2      | 764 ||| STAIRDANCE
   808 | D:2      | 808 ||| STAIRDANCE
   838 | D:2      | 838 ||| STAIRDANCE
   840 | D:2      | 840 ||| STAIRDANCE
   854 | D:2      | 854 ||| STAIRDANCE
   879 | D:2      | 879 ||| STAIRDANCE
   939 | D:2      | 939 ||| STAIRDANCE
   947 | D:2      | 947 ||| STAIRDANCE
   957 | D:2      | 957 ||| STAIRDANCE
   978 | D:2      | 978 ||| STAIRDANCE
  1010 | D:2      | 1010 ||| STAIRDANCE
  1057 | D:2      | 1057 ||| STAIRDANCE
  1088 | D:2      | Killed Sigmund
  1089 | D:2      | Reached skill level 9 in Ranged Weapons
  1089 | D:2      | Reached XP level 4. HP: 25/25 MP: 6/6
  1089 | D:2      | Reached XP level 5. HP: 29/29 MP: 7/7
  1251 | D:2      | Found a runed translucent door.
  1252 | D:2      | Noticed Crazy Yiuf
  1298 | D:2      | Noticed Robin
  1315 | D:2      | HP: 6/30 [hobgoblin[Robin] (4)]
  1315 | D:2      | HP: 2/30 [goblin/+0 club[Robin] (4)]
  1316 | D:2      | Slain by Robin

Levels and vault maps discovered:
D:1:      dpeg_arrival_court, layout_basic
D:2:      layout_loops_cross, dilly_ecumenical_altar_fadedgnrine,
          corner_web_ring, moated_statue, uniq_robin, uniq_crazy_yiuf_cottage,
          uniq_sigmund

Skill      XL: |  1  2  3 |
---------------+----------+-----
Ranged Weapons | 6 9 |  9.1
Fighting       | |  1.7
Dodging        | |  2.4
Stealth        | |  1.2

Action                     |  1- 3 |  4- 6 || total
---------------------------+-------+-------++-------
   Fire: Shortbow          |    96 |    30 ||   126
    Use: Scroll            |     1 |       ||     1
 Armour: Ring mail         |    10 |    23 ||    33
  Dodge: Dodged            |    13 |    25 ||    38

Table legend:
 A = Non-vault XP
 B = Vault XP
 C = Vault XP percentage of total XP
 D = Non-vault monster count
 E = Vault monster count
 F = Vault count percentage of total count
                 A         B        C        D         E       F
            +---------+---------+-------+---------+---------+-------
      Total |      74 |     230 |  75.7 |      30 |       5 |  14.3
            +---------+---------+-------+---------+---------+-------
        D:1 |      39 |       0 |   0.0 |      22 |       0 |   0.0
        D:2 |      35 |     230 |  86.8 |       8 |       5 |  38.5
            +---------+---------+-------+---------+---------+-------
